 Dungeon Crawl Stone Soup version 0.31-a0-149-g3fdcc5976a (webtiles) character file.

Game seed: 12169503545188943776

5070 qw the Skirmisher (level 10, 0/91 HPs)
             Began as a Minotaur Hunter on June 7, 2023.
             Slain by Erica
             ... wielding a +1 scimitar of flaming
              (2 damage)
             ... on level 9 of the Dungeon.
             The game lasted 00:03:06 (6766 turns).

qw the Skirmisher (Minotaur Hunter)                 Turns: 6766, Time: 00:03:07

Health: 0/91       AC:  9    Str: 17    XL:     10   Next: 31%
Magic:  9/9        EV: 22    Int:  6    God:
Gold:   538        SH:  0    Dex: 23    Spells: 9/9 levels left

rFire   + . .        Y - +1 orcbow (flame)
rCold   . . .        (shield currently unavailable)
rNeg    . . .        f - +2 leather armour {rF+}
rPois   .            (helmet restricted)
rElec   .            a - +0 cloak
rCorr   .            c - +2 pair of gloves
SInv    .            (no boots)
Will    .....        (no amulet)
Stlth   ++           b - +6 ring of dexterity
HPRegen 0.35/turn    j - +5 ring of evasion
MPRegen 0.11/turn

%: no passive effects
@: slowed, very slow
A: horns 2, retaliatory headbutt
a: no special abilities


You were on level 9 of the Dungeon.
You visited 2 branches of the dungeon, and saw 10 of its levels.

You collected 538 gold pieces.


Innate Abilities, Weirdness & Mutations

You have a pair of horns on your head.
You reflexively headbutt those who attack you in melee.


   Skills:
 - Level 9.5 Fighting
 + Level 13.0 Ranged Weapons
 - Level 3.6 Armour
 - Level 7.0 Dodging
 - Level 0.7 Stealth


You had 9 spell levels left.
You didn't know any spells.
Your spell library was empty.

Inventory:

Hand Weapons
 Y - a +1 orcbow of flaming (weapon)
Armour
 a - a +0 cloak (worn)
 c - a +2 pair of gloves (worn)
 f - a +2 leather armour of fire resistance (worn)
Jewellery
 b - a +6 ring of dexterity (left hand)
 j - a +5 ring of evasion (right hand)
 k - a ring of fire
Scrolls
 e - a scroll of identify
 n - a scroll of teleportation
Potions
 g - a potion of haste
 h - a potion of curing
 i - a potion of ambrosia {unknown}
 l - a potion of heal wounds
 m - a potion of resistance

Dungeon Overview and Level Annotations

Branches:
Dungeon (9/15)             Temple (1/1) D:4
   Lair: D:8-11         Orc: D:9-12

Altars:
Ashenzari
Cheibriados
Dithmenos
Elyvilon
Fedhas
Gozag
Hepliaklqana
Kikubaaqudgha
Makhleb
Nemelex Xobeh
Qazlal
Ru
Sif Muna
Trog
Uskayaw
Vehumet
Wu Jian
Xom
Yredelemnul
Zin
The Shining One

Annotations:
D:5 3 runed translucent doors, qw's ghost, novice GrFi
D:9 Erica


Message History

You feel very sick. Something barely misses you. The orc wizard misses you.
You furiously retaliate!
You headbutt the orc wizard!
You kill the orc wizard!
The orc priest looks braver for a moment.
The warg bites you.
You hear some strange, mumbled words.
Something tries to affect you, but you resist.
You shoot an arrow. The arrow barely misses the warg.
You feel sick. The warg misses you. The warg barely misses you.
You furiously retaliate!
You headbutt the warg! Something barely misses you.
The orc completely misses you.
You shoot an arrow. The arrow hits the warg!
The arrow burns the warg.
You kill the warg!
You feel sick.
You hear some strange, mumbled words.
A lance of force appears from out of thin air!
The lance of force misses you. The orc closely misses you.
Your Ranged Weapons skill increases to level 13!
You shoot an arrow. The arrow hits the orc!
The arrow burns the orc.
You kill the orc!
You feel sick. Something hits you.
You shoot an arrow. The arrow hits the orc priest!
The arrow burns the orc priest.
The orc priest is almost dead.
You feel sick. Something barely misses you.
The orc priest completely misses you. The orc priest closely misses you.
You furiously retaliate!
You headbutt the orc priest.
You kill the orc priest!
Something hits you! Something burns you.
You shoot an arrow. The arrow hits the orc!
The arrow burns the orc.
You kill the orc!
You feel sick. Something hits you! Something burns you.
You shoot an arrow.
You feel sick.
You are no longer poisoned.
Something hits you but does no damage.
You shoot an arrow. Something hits you! Something burns you.
You die...

#....# ####
#)<###..###
##..#.....#
#........##
#.........#
#....)....#
##.......##
##.##...#
#@.#####
#{)%.#
#.)).....
))...##...#
$/..###
#..# .....#
..# ....#
.# ...# #


There were no monsters in sight!

Vanquished Creatures
  A two-headed ogre (D:8)
  7 yaks
  3 wargs (D:9)
  Menkaure (D:4)
  A water moccasin (D:7)
  An ice beast (D:8)
  3 orc warriors
  3 sky beasts
  2 ogres (D:5)
  A centaur (D:7)
  2 kobold brigands
  A bullfrog (D:6)
  4 scorpions (D:5)
  A gnoll sergeant (D:7)
  4 wights (D:7)
  3 howler monkeys
  A quasit (D:5)
  2 hounds (D:5)
  9 orc priests
  6 jellies
  A gnoll bouda (D:8)
  3 iguanas
  6 orc wizards
  A sleepcap (D:7)
  Terence (D:3)
  7 gnolls
  A river rat (D:6)
  6 adders
  A shadow imp (D:5)
  6 white imps
  5 ufetubi
  4 worms
  4 dart slugs
  32 orcs
  6 ball pythons
  5 bats
  8 endoplasms
  3 giant cockroaches
  2 goblins
  10 hobgoblins
  7 quokkas
  4 frilled lizards
  12 kobolds
  5 rats
196 creatures vanquished.

Notes
Turn   | Place    | Note
-------+----------+-------------------------------------------
     0 | D:1      | qw the Minotaur Hunter began the quest for the Orb.
     0 | D:1      | Reached XP level 1. HP: 18/18 MP: 0/0
     0 | D:1      | 0 ||| qw: Version: 0.2-a-117-gc6b5c8b
     0 | D:1      | 0 ||| qw: Game counter: 2577
     0 | D:1      | 0 ||| qw: Always use a shield: true
     0 | D:1      | 0 ||| qw: God list: Okawaru
     0 | D:1      | 0 ||| qw: Allow faded altars: false
     0 | D:1      | 0 ||| qw: Do Orc after D:15 true
     0 | D:1      | 0 ||| qw: Do second Lair branch before Depths: true
     0 | D:1      | 0 ||| qw: Lair rune preference: random
     0 | D:1      | 0 ||| qw: Plans: Normal
     0 | D:1      | 0 ||| PLANNING D:1-11
   155 | D:1      | Reached XP level 2. HP: 23/25 MP: 1/1
   176 | D:1      | Reached skill level 5 in Ranged Weapons
   665 | D:1      | You fall into a shaft and drop 1 floor!
   687 | D:2      | HP: 3/25 [worm (6)]
   688 | D:2      | HP: 1/25 [worm (3)]
   693 | D:2      | Reached skill level 3 in Fighting
   848 | D:2      | 848 ||| UPGRADING to +0 ring mail.
   858 | D:2      | 858 ||| DROPPING +0 leather armour.
   859 | D:2      | 859 ||| READING scroll labelled YMAQIS ICIFF.
   860 | D:2      | 860 ||| READING scroll labelled NIENLEA HEPPEPS.
   861 | D:2      | 861 ||| DRINKING 2 fizzy silvery potions.
   862 | D:2      | 862 ||| DROPPING scroll of butterflies.
   863 | D:2      | 863 ||| DROPPING potion of enlightenment.
   922 | D:1      | Reached XP level 3. HP: 31/31 MP: 2/2
  1003 | D:1      | Reached skill level 1 in Armour
  1272 | D:1      | 1272 ||| UPGRADING to +0 cloak.
  1277 | D:1      | 1277 ||| UPGRADING to +6 ring of dexterity.
  1278 | D:1      | 1278 ||| UPGRADING to ring of poison resistance.
  1697 | D:2      | 1697 ||| READING scroll labelled QON DYUSTRAIMM.
  1901 | D:3      | Found a shimmering altar of Xom.
  1907 | D:3      | Noticed Terence
  1914 | D:3      | Killed Terence
  1915 | D:3      | Reached skill level 6 in Ranged Weapons
  1915 | D:3      | Reached XP level 4. HP: 38/38 MP: 3/3
  1917 | D:3      | Found a basalt altar of Yredelemnul.
  2253 | D:3      | 2253 ||| UPGRADING to +5 ring of evasion.
  2255 | D:3      | 2255 ||| DROPPING ring of poison resistance.
  2256 | D:3      | 2256 ||| READING scroll labelled UHUVUAM TOXO.
  2257 | D:3      | 2257 ||| READING scroll labelled LOICOY JIUP.
  2258 | D:3      | 2258 ||| READING scroll labelled BUKKUFF JOTWADEGU.
  2259 | D:3      | 2259 ||| READING scroll labelled OXKOOTHR DYNE.
  2260 | D:3      | 2260 ||| DRINKING 2 fuming cyan potions.
  2261 | D:3      | 2261 ||| DRINKING 2 orange potions.
  2262 | D:3      | 2262 ||| DRINKING 2 emerald potions.
  2263 | D:3      | 2263 ||| DROPPING potion of degeneration.
  2422 | D:4      | Found a staircase to the Ecumenical Temple.
  2423 | D:4      | 2423 ||| PLANNING TEMPLE
  2423 | D:4      | 2423 ||| UPGRADING to +2 pair of gloves.
  2428 | D:4      | 2428 ||| READING scroll labelled GULYL JULYPLE.
  2438 | Temple   | Entered the Ecumenical Temple
  2551 | Temple   | 2551 ||| PLANNING D:1-11
  2711 | D:4      | Reached XP level 5. HP: 46/46 MP: 4/4
  2775 | D:4      | 2775 ||| DRINKING potion of curing.
  2775 | D:4      | 2775 ||| (to cure confusion)
  2929 | D:4      | Reached skill level 7 in Ranged Weapons
  2977 | D:4      | Noticed Menkaure
  2982 | D:4      | Killed Menkaure
  2983 | D:4      | Reached skill level 3 in Armour
  2983 | D:4      | Reached XP level 6. HP: 15/52 MP: 5/5
  3134 | D:4      | 3134 ||| UPGRADING to +2 leather armour of fire resistance.
  3144 | D:4      | 3144 ||| DROPPING +0 ring mail.
  3145 | D:4      | 3145 ||| READING scroll labelled MUOMUG GAZUYMI.
  3150 | D:5      | Entered Level 5 of the Dungeon
  3151 | D:5      | 3151 ||| PLANNING OSSUARY
  3154 | D:5      | Reached skill level 3 in Dodging
  3157 | D:5      | 3157 ||| STAIRDANCE
  3251 | D:5      | Reached XP level 7. HP: 59/59 MP: 6/6
  3278 | D:5      | Reached skill level 8 in Ranged Weapons
  3480 | D:5      | Found a burning altar of Makhleb.
  3535 | D:5      | Noticed a yak
  3546 | D:5      | Killed a yak
  3547 | D:5      | Reached skill level 9 in Ranged Weapons
  3547 | D:5      | Reached XP level 8. HP: 68/68 MP: 7/7
  3596 | D:5      | Reached skill level 6 in Fighting
  3685 | D:5      | 3685 ||| FLEEEEING.
  3686 | D:5      | 3686 ||| FLEEEEING.
  3752 | D:5      | Found a runed translucent gate.
  3752 | D:5      | Found a runed translucent gate.
  3752 | D:5      | Found a runed translucent gate.
  3756 | D:5      | Noticed qw's ghost (novice GrFi)
  3850 | D:5      | 3850 ||| RIP OSSUARY
  3860 | D:5      | 3860 ||| PLANNING D:1-11
  4041 | D:5      | 4041 ||| READING 2 scrolls of identify.
  4041 | D:5      | 4041 ||| IDENTIFYING green potion
  4042 | D:5      | 4042 ||| DROPPING potion of attraction.
  4094 | D:6      | 4094 ||| PLANNING SEWER
  4097 | D:6      | Reached skill level 10 in Ranged Weapons
  4266 | D:6      | 4266 ||| Stepping ~*~*~tactically~*~*~ (outnumbered).
  4268 | D:6      | 4268 ||| Stepping ~*~*~tactically~*~*~ (outnumbered).
  4271 | D:6      | 4271 ||| Stepping ~*~*~tactically~*~*~ (outnumbered).
  4279 | D:6      | 4279 ||| Stepping ~*~*~tactically~*~*~ (outnumbered).
  4580 | D:6      | Found an ornate altar of the Wu Jian Council.
  4581 | D:6      | Found a shimmering blue altar of Sif Muna.
  4817 | D:6      | 4817 ||| Stepping ~*~*~tactically~*~*~ (water).
  4825 | D:6      | Found a glowing drain.
  4826 | D:6      | 4826 ||| DRINKING 2 blue potions.
  4827 | D:6      | 4827 ||| DRINKING 2 viscous cyan potions.
  4867 | D:6      | 4867 ||| DRINKING 2 black potions.
  4868 | D:6      | 4868 ||| DROPPING potion of lignification.
  4869 | D:6      | 4869 ||| Stepping randomly (stuck).
  4870 | D:6      | 4870 ||| Stepping randomly (stuck).
  4871 | D:6      | 4871 ||| Stepping randomly (stuck).
  4872 | D:6      | 4872 ||| Stepping randomly (stuck).
  4873 | D:6      | 4873 ||| Stepping randomly (stuck).
  4874 | D:6      | 4874 ||| Stepping randomly (stuck).
  4875 | D:6      | 4875 ||| Stepping randomly (stuck).
  4876 | D:6      | 4876 ||| Stepping randomly (stuck).
  4877 | D:6      | 4877 ||| Stepping randomly (stuck).
  4878 | D:6      | 4878 ||| Stepping randomly (stuck).
  4879 | D:6      | 4879 ||| Stepping randomly (stuck).
  4880 | D:6      | 4880 ||| Stepping randomly (stuck).
  4881 | D:6      | 4881 ||| Stepping randomly (stuck).
  4882 | D:6      | 4882 ||| Stepping randomly (stuck).
  4883 | D:6      | 4883 ||| Stepping randomly (stuck).
  4884 | D:6      | 4884 ||| Stepping randomly (stuck).
  4885 | D:6      | 4885 ||| Stepping randomly (stuck).
  4886 | D:6      | 4886 ||| Stepping randomly (stuck).
  4887 | D:6      | 4887 ||| Stepping randomly (stuck).
  4888 | D:6      | 4888 ||| Stepping randomly (stuck).
  4889 | D:6      | 4889 ||| Stepping randomly (stuck).
  4890 | D:6      | 4890 ||| Stepping randomly (stuck).
  4891 | D:6      | 4891 ||| Stepping randomly (stuck).
  4892 | D:6      | 4892 ||| Stepping randomly (stuck).
  4893 | D:6      | 4893 ||| Stepping randomly (stuck).
  4894 | D:6      | 4894 ||| Stepping randomly (stuck).
  4895 | D:6      | 4895 ||| Stepping randomly (stuck).
  4896 | D:6      | 4896 ||| Stepping randomly (stuck).
  4897 | D:6      | 4897 ||| Stepping randomly (stuck).
  4898 | D:6      | 4898 ||| Stepping randomly (stuck).
  4899 | D:6      | 4899 ||| Stepping randomly (stuck).
  4900 | D:6      | 4900 ||| Stepping randomly (stuck).
  4901 | D:6      | 4901 ||| Stepping randomly (stuck).
  4902 | D:6      | 4902 ||| Stepping randomly (stuck).
  4903 | D:6      | 4903 ||| Stepping randomly (stuck).
  4904 | D:6      | 4904 ||| Stepping randomly (stuck).
  4905 | D:6      | 4905 ||| Stepping randomly (stuck).
  4906 | D:6      | 4906 ||| Stepping randomly (stuck).
  4907 | D:6      | 4907 ||| Stepping randomly (stuck).
  4908 | D:6      | 4908 ||| Stepping randomly (stuck).
  4909 | D:6      | 4909 ||| Stepping randomly (stuck).
  4910 | D:6      | 4910 ||| Stepping randomly (stuck).
  4911 | D:6      | 4911 ||| Stepping randomly (stuck).
  4912 | D:6      | 4912 ||| Stepping randomly (stuck).
  4913 | D:6      | 4913 ||| Stepping randomly (stuck).
  4914 | D:6      | 4914 ||| Stepping randomly (stuck).
  4915 | D:6      | 4915 ||| Stepping randomly (stuck).
  4916 | D:6      | 4916 ||| Stepping randomly (stuck).
  4917 | D:6      | 4917 ||| Stepping randomly (stuck).
  4918 | D:6      | 4918 ||| Stepping randomly (stuck).
  4919 | D:6      | 4919 ||| Stepping randomly (stuck).
  4920 | D:6      | 4920 ||| READING scroll of teleportation.
  4922 | D:6      | Found a hide-covered altar of Uskayaw.
  4922 | D:6      | Found a broken altar of Ashenzari.
  4923 | D:6      | 4923 ||| RIP SEWER
  4923 | D:6      | 4923 ||| PLANNING D:1-11
  4999 | D:7      | Reached XP level 9. HP: 79/79 MP: 8/8
  5178 | D:7      | Reached skill level 11 in Ranged Weapons
  5227 | D:7      | 5227 ||| FLEEEEING.
  5233 | D:7      | 5233 ||| FLEEEEING.
  5234 | D:7      | 5234 ||| FLEEEEING.
  5241 | D:7      | 5241 ||| FLEEEEING.
  5242 | D:7      | 5242 ||| FLEEEEING.
  5243 | D:7      | 5243 ||| FLEEEEING.
  5311 | D:7      | 5311 ||| SWAPPING to +0 orcbow.
  5312 | D:7      | 5312 ||| DROPPING +0 shortbow of draining.
  5323 | D:7      | Reached skill level 6 in Dodging
  5804 | D:7      | 5804 ||| READING scroll labelled KUAWAW ELYPS.
  5835 | D:8      | 5835 ||| STAIRDANCE
  5900 | D:8      | 5900 ||| FLEEEEING.
  5901 | D:8      | 5901 ||| FLEEEEING.
  5902 | D:8      | 5902 ||| FLEEEEING.
  5903 | D:8      | 5903 ||| FLEEEEING.
  5904 | D:8      | 5904 ||| FLEEEEING.
  5905 | D:8      | 5905 ||| FLEEEEING.
  5906 | D:8      | 5906 ||| FLEEEEING.
  5907 | D:8      | 5907 ||| FLEEEEING.
  5908 | D:8      | 5908 ||| FLEEEEING.
  5909 | D:8      | 5909 ||| FLEEEEING.
  5910 | D:8      | 5910 ||| FLEEEEING.
  5911 | D:8      | 5911 ||| FLEEEEING.
  5912 | D:8      | 5912 ||| FLEEEEING.
  5913 | D:8      | 5913 ||| FLEEEEING.
  5914 | D:8      | 5914 ||| FLEEEEING.
  6029 | D:8      | Reached skill level 12 in Ranged Weapons
  6186 | D:8      | 6186 ||| READING scroll of brand weapon.
  6186 | D:8      | 6186 ||| BRANDING +0 orcbow.
  6199 | D:8      | Noticed a two-headed ogre
  6208 | D:8      | Killed a two-headed ogre
  6209 | D:8      | Reached skill level 9 in Fighting
  6327 | D:8      | Reached XP level 10. HP: 80/91 MP: 9/9
  6651 | D:8      | 6651 ||| DROPPING +0 robe of positive energy.
  6652 | D:8      | 6652 ||| READING scroll labelled CIAH CIDWEIGIP.
  6678 | D:9      | 6678 ||| STAIRDANCE
  6745 | D:9      | Noticed Erica
  6756 | D:9      | 6756 ||| DRINKING 2 potions of curing.
  6756 | D:9      | 6756 ||| (to cure confusion)
  6762 | D:9      | Reached skill level 13 in Ranged Weapons
  6764 | D:9      | HP: 18/91 [something (8)]
  6766 | D:9      | HP: 2/91 [something (15)]
  6766 | D:9      | Slain by Erica

Levels and vault maps discovered:
D:1:      ebering_trefoil_3fold, layout_basic, columned_hall_lemuel,
          grunt_decor_clamped
D:2:      layout_rooms, chequers_decorated_corner
D:3:      layout_loops_ring, grunt_temple_overflow_open, uniq_terence
D:4:      layout_loops_cross, minmay_temple_entry_grid, corexii_shack,
          uniq_menkaure
D:5:      layout_gridville, mainiacjoe_overflow_paths,
          gammafunk_ghost_nasty_kobolds, serial_demonic, serial_demonic_b,
          serial_demonic_g, serial_demonic_b, serial_demonic_g,
          serial_demonic_b, serial_demonic_g, chequers_ossuary_entry_cave,
          minmay_divided_ellipse
D:6:      layout_rooms, nicolae_overflow_hidden_temple, gup_sewer_entry_spiral,
          kennysheep_donut, kennysheep_small_spiral, hangedman_decor_opposing
D:7:      layout_basic, minmay_misc_feat_four_crosses, st_stairs_2,
          grunt_ministairs_1
D:8:      layout_loops_cross
D:9:      layout_cave_pods, erik_lair_orcish_takeover, special_room
          [special_room_bee], uniq_erica, uniq_amaemon, uniq_grum
Temple:   nicolae_temple_two_arcs

Skill      XL: |  1  2  3  4  5  6  7  8  9 10 |
---------------+-------------------------------+-----
Ranged Weapons | 5 6 7 9 10 12 13 | 13.0
Fighting       | 3 4 5 7 9 |  9.5
Armour         | 1 3 |  3.6
Dodging        | 3 4 5 6 7 |  7.0
Stealth        | |  0.7

Action                     |  1- 3 |  4- 6 |  7- 9 | 10-12 || total
---------------------------+-------+-------+-------+-------++-------
   Fire: Shortbow          |   120 |   106 |   256 |       ||   482
         Orcbow            |       |       |   100 |    67 ||   167
    Use: Scroll            |     3 |     6 |     4 |     1 ||    14
         Potion            |     1 |     4 |     3 |     1 ||     9
 Armour: Ring mail         |     5 |     9 |       |       ||    14
         Leather armour    |       |     2 |    21 |     9 ||    32
  Dodge: Dodged            |    13 |    20 |   137 |    47 ||   217

Table legend:
 A = Non-vault XP
 B = Vault XP
 C = Vault XP percentage of total XP
 D = Non-vault monster count
 E = Vault monster count
 F = Vault count percentage of total count
                 A         B        C        D         E       F
            +---------+---------+-------+---------+---------+-------
      Total |    4940 |    2304 |  31.8 |     151 |      45 |  23.0
            +---------+---------+-------+---------+---------+-------
        D:1 |      35 |       0 |   0.0 |      19 |       0 |   0.0
        D:2 |      38 |       0 |   0.0 |      15 |       0 |   0.0
        D:3 |      16 |      36 |  69.2 |      12 |       1 |   7.7
        D:4 |     222 |     172 |  43.7 |      24 |       2 |   7.7
        D:5 |     608 |     908 |  59.9 |      14 |      20 |  58.8
        D:6 |     657 |      29 |   4.2 |      25 |       7 |  21.9
        D:7 |     755 |     585 |  43.7 |      13 |       8 |  38.1
        D:8 |    2394 |       0 |   0.0 |      23 |       0 |   0.0
        D:9 |     215 |     574 |  72.8 |       6 |       7 |  53.8
            +---------+---------+-------+---------+---------+-------
